[Event "Team 45 45 League T100"]
[Site "Internet Chess Club"]
[Date "2024.05.16"]
[Round "1"]
[White "trombone"]
[Black "VictorRed"]
[Result "0-1"]
[WhiteElo "1811"]
[BlackElo "1702"]
[Opening "Sicilian: Alapin's variation (2.c3)"]
[ECO "B22"]
[Time "17:34:07"]
[PlyCount "88"]
[TimeControl "2700+45"]

1. e4 c5 2. c3 Nc6 3. d4 cxd4 4. cxd4 d5 5. exd5 Qxd5 6. Nf3 Bg4 7. Be2 O-O-O 8.
Nc3 Qa5 9. Be3 e6 10. O-O h6 11. Qb3 Nf6 12. Rfd1 Nd5 13. Rac1 Nxc3 14. Rxc3 Qb4
15. Qc2 Kb8 16. h3 Bf5 17. Qc1 Bd6 18. a3 Qa5 19. b4 Qa4 20. Qb2 Ne7 21. Rb3 Rc8
22. Rd2 Rc7 23. Ne5 Nd5 24. Nc4 Bf4 25. Bd3 Bxd3 26. Rbxd3 Rxc4 27. Bxf4+ Nxf4
28. Rf3 g5 29. Kh2 Rd8 30. g3 Qc6 31. Qb3 Ng6 32. Rxf7 Rcxd4 33. Rc2 Qe8 34. Rf6
R4d5 35. Qc3 Ne5 36. Rxh6 g4 37. Qc7+ Ka8 38. Rh7 Rb8 39. Re2 Nf3+ 40. Kg2 Nd4
41. Re4 gxh3+ 42. Kxh3 Rh5+ 43. Rxh5 Qxh5+ 44. Kg2 Qf3+ {White resigns} 0-1

[Event "Team 45 45 League T100"]
[Site "Internet Chess Club"]
[Date "2024.05.19"]
[Round "1"]
[White "Portola"]
[Black "Lawkeito"]
[Result "1-0"]
[WhiteElo "1653"]
[BlackElo "1696"]
[Opening "Queen's pawn game"]
[ECO "A46"]
[Time "12:00:18"]
[PlyCount "47"]
[TimeControl "2700+45"]

1. d4 Nf6 2. Nf3 e6 3. c3 c5 4. e3 Nc6 5. Bd3 d5 6. b3 Bd6 7. Nbd2 O-O 8. O-O e5
9. dxe5 Nxe5 10. Nxe5 Bxe5 11. Bb2 Qa5 12. Qc2 Bg4 13. h3 Bh5 14. f4 Bd6 15. g4
Bxg4 16. hxg4 Nxg4 17. Bxh7+ Kh8 18. Rf3 Rae8 19. Nf1 Qd8 20. Rh3 Nh6 21. Rd1
Bc7 22. Rh5 Qd7 23. Bf5 Qc6 24. Bh3 {Black resigns} 1-0

[Event "Team 45 45 League T100"]
[Site "Internet Chess Club"]
[Date "2024.05.19"]
[Round "1"]
[White "fishhead"]
[Black "Packerfan"]
[Result "1-0"]
[WhiteElo "1995"]
[BlackElo "1727"]
[Opening "Ruy Lopez: Schliemann defense, Berger variation"]
[ECO "C63"]
[Time "14:30:14"]
[PlyCount "47"]
[TimeControl "2700+45"]

1. e4 e5 2. Nf3 Nc6 3. Bb5 f5 4. Nc3 fxe4 5. Nxe4 Nf6 6. Nxf6+ Qxf6 7. Qe2 Be7
8. Bxc6 dxc6 9. Nxe5 Bf5 10. d4 O-O 11. O-O Bd6 12. b3 Bxe5 13. dxe5 Qg6 14. Ba3
Rfe8 15. Rfe1 Bxc2 16. e6 Bd3 17. Qe3 Bf5 18. e7 b6 19. Rad1 c5 20. Bb2 Bc8 21.
Qf3 Bg4 22. Qxa8 Bxd1 23. Qd5+ Qf7 24. Qxd1 {Black resigns} 1-0

[Event "Team 45 45 League T100"]
[Site "Internet Chess Club"]
[Date "2024.05.18"]
[Round "1"]
[White "Strarzz"]
[Black "ElValero"]
[Result "1-0"]
[WhiteElo "1672"]
[BlackElo "1609"]
[Opening "French: Winawer, advance variation"]
[ECO "C16"]
[Time "13:04:51"]
[PlyCount "46"]
[TimeControl "2700+45"]

1. e4 e6 2. d4 d5 3. Nc3 Bb4 4. e5 b6 5. h4 Ba6 6. Bxa6 Nxa6 7. Qd3 Qc8 8. a3
Bxc3+ 9. Qxc3 c5 10. Qg3 Kf8 11. Ne2 Ne7 12. c3 Nf5 13. Qd3 c4 14. Qf3 Nc7 15.
g4 Ne7 16. h5 h6 17. g5 hxg5 18. Bxg5 Nf5 19. h6 Nxh6 20. Kd2 b5 21. Rag1 Ne8
22. Nf4 f6 23. Ng6+ Kf7 {Black resigns} 1-0

[Event "Team 45 45 League T100"]
[Site "Internet Chess Club"]
[Date "2024.05.19"]
[Round "1"]
[White "mongmong"]
[Black "Salvatore"]
[Result "1-0"]
[WhiteElo "1440"]
[BlackElo "1480"]
[Opening "Queen's pawn"]
[ECO "A40"]
[Time "16:00:54"]
[PlyCount "113"]
[TimeControl "2700+45"]

1. d4 e6 2. Nf3 f5 3. g3 Nf6 4. Bg2 Be7 5. O-O d5 6. c4 c6 7. Qb3 O-O 8. Nc3 Qb6
9. Qxb6 axb6 10. cxd5 cxd5 11. b3 Bd7 12. Bb2 b5 13. Rfc1 b4 14. Nd1 Nc6 15. e3
Ne4 16. Ne1 g5 17. Nd3 h5 18. f3 Nd6 19. N1f2 h4 20. e4 fxe4 21. fxe4 hxg3 22.
hxg3 Rf7 23. Rf1 Raf8 24. exd5 Nd8 25. Ne5 Bf6 26. Nxf7 Rxf7 27. Ne4 Nxe4 28.
Bxe4 Bb5 29. Rfe1 Rc7 30. dxe6 Nxe6 31. Bd5 Kg7 32. Bxe6 Rc2 33. Rac1 Rxb2 34.
Rc7+ Kg6 35. Bf7+ Kf5 36. Rc5+ Kg4 37. Rxb5 Bxd4+ 38. Kh1 Kxg3 39. Rxg5+ Kf4 40.
Rg6 Bc3 41. Rf1+ Ke5 42. Re6+ Kd4 43. Rd1+ Kc5 44. Rg6 Rxa2 45. Rg2 Ra8 46. Rd5+
Kb6 47. Rg6+ Kc7 48. Kg2 Ra2+ 49. Kf3 Ra1 50. Rf5 Rf1+ 51. Ke4 Re1+ 52. Kd3 Rd1+
53. Kc4 Rd4+ 54. Kb5 Rd7 55. Be6 Rh7 56. Rf7+ Kb8 57. Rxh7 {Black resigns} 1-0

[Event "Team 45 45 League T100"]
[Site "Internet Chess Club"]
[Date "2024.05.18"]
[Round "1"]
[White "cayo89"]
[Black "jjmolina1"]
[Result "0-1"]
[WhiteElo "1504"]
[BlackElo "1471"]
[Opening "Queen's pawn, Mason variation"]
[ECO "D00"]
[Time "10:12:15"]
[PlyCount "38"]
[TimeControl "2700+45"]

1. d4 d5 2. Bf4 c6 3. Nc3 Nf6 4. e3 e6 5. Bd3 Be7 6. Nf3 O-O 7. Ne5 Nbd7 8. h4
Nxe5 9. dxe5 Nd7 10. Qf3 Bb4 11. a3 Bxc3+ 12. bxc3 Nc5 13. Qg3 f6 14. exf6 Qxf6
15. Be5 Qf7 16. h5 Nd7 17. Bg6 hxg6 18. hxg6 Qxf2+ 19. Qxf2 Rxf2 {White resigns}
0-1

[Event "Team 45 45 League T100"]
[Site "Internet Chess Club"]
[Date "2024.05.19"]
[Round "1"]
[White "BuddyT"]
[Black "Beetlejuice"]
[Result "1-0"]
[WhiteElo "1852"]
[BlackElo "1711"]
[Opening "Dutch: Staunton gambit, Alekhine variation"]
[ECO "A83"]
[Time "14:00:15"]
[PlyCount "49"]
[TimeControl "2700+45"]

1. d4 f5 2. e4 fxe4 3. Nc3 Nf6 4. Bg5 g6 5. h4 d5 6. h5 Bg7 7. h6 Bf8 8. f3 Nc6
9. Qd2 Bf5 10. g4 Be6 11. fxe4 Nxe4 12. Nxe4 dxe4 13. O-O-O Bxg4 14. Ne2 Qd7 15.
d5 Ne5 16. Qc3 Nf7 17. Nd4 O-O-O 18. Bf4 a6 19. Bxa6 bxa6 20. Qa5 c5 21. dxc6
Qa7 22. Nb5 Rxd1+ 23. Rxd1 e5 24. Nxa7+ Kb8 25. Qb6+ {Black resigns} 1-0

[Event "Team 45 45 League T100"]
[Site "Internet Chess Club"]
[Date "2024.05.16"]
[Round "1"]
[White "Gojira"]
[Black "QuieroAprender"]
[Result "1-0"]
[WhiteElo "1668"]
[BlackElo "1673"]
[Opening "King's Indian: 6.Be2"]
[ECO "E91"]
[Time "10:05:03"]
[PlyCount "105"]
[TimeControl "2700+45"]

1. d4 Nf6 2. Nf3 d6 3. c4 g6 4. Nc3 Bg7 5. e4 O-O 6. Be2 Nc6 7. h3 e5 8. d5 Nb8
9. Be3 h6 10. b4 Kh7 11. Nd2 Ng8 12. c5 f5 13. f3 f4 14. Bf2 Nd7 15. cxd6 cxd6
16. Nb5 Nb6 17. Rc1 Rf7 18. Qc2 Bf8 19. Nc7 Rb8 20. a4 Na8 21. Nb5 b6 22. Na3
Rc7 23. Qb2 Rxc1+ 24. Qxc1 Bd7 25. b5 Rc8 26. Ndc4 Qc7 27. Nc2 Nf6 28. Nb4 Qb7
29. Nc6 Ne8 30. O-O g5 31. Qa3 h5 32. N4xe5 Nf6 33. Nxd7 Qxd7 34. Bd4 Kg6 35.
Bd3 Kf7 36. Qa2 Nc7 37. Nxa7 Re8 38. Nc6 Bg7 39. Bxb6 g4 40. Bxc7 Qxc7 41. fxg4
hxg4 42. hxg4 Qb6+ 43. Qf2 Qxf2+ 44. Rxf2 Nxe4 45. Rxf4+ Nf6 46. g5 Re1+ 47. Kf2
Rd1 48. gxf6 Bh6 49. Ke2 Ra1 50. Rc4 Kxf6 51. b6 Ra2+ 52. Rc2 Rxa4 53. b7 {Black
resigns} 1-0

[Event "Team 45 45 League T100"]
[Site "Internet Chess Club"]
[Date "2024.05.18"]
[Round "1"]
[White "Portola"]
[Black "Megasus"]
[Result "1/2-1/2"]
[WhiteElo "1633"]
[BlackElo "1550"]
[Opening "Queen's pawn game"]
[ECO "A46"]
[Time "19:01:56"]
[PlyCount "85"]
[TimeControl "2700+45"]

1. d4 Nf6 2. Nf3 c6 3. c3 h6 4. Bf4 d5 5. e3 Nbd7 6. Nbd2 Ne4 7. Nxe4 dxe4 8.
Nd2 Nf6 9. Be2 Bf5 10. Qb3 Qd7 11. Nc4 Qc8 12. Na5 Nd5 13. Bg3 Nb6 14. c4 Be6
15. Qc2 Bf5 16. c5 Nd5 17. Qb3 Bd7 18. Nxb7 a5 19. Nxa5 Rxa5 20. O-O Ra7 21. a3
Qa8 22. Qc2 Bf5 23. Qd2 e6 24. Be5 f6 25. Bg3 h5 26. h4 g5 27. hxg5 fxg5 28. Be5
Bg7 29. Bd6 g4 30. g3 h4 31. gxh4 Rxh4 32. Bg3 Rh8 33. Qd1 Nf6 34. Kg2 Qb7 35.
b4 Qd7 36. a4 Nd5 37. Qb3 Kf7 38. b5 Qb7 39. b6 Ra5 40. Rfc1 Rha8 41. Qd1 Nf6
42. Bc4 Nd5 43. Be2 {Game drawn by mutual agreement} 1/2-1/2

[Event "Team 45 45 League T100"]
[Site "Internet Chess Club"]
[Date "2024.05.18"]
[Round "1"]
[White "fishhead"]
[Black "primerpaso"]
[Result "1-0"]
[WhiteElo "1989"]
[BlackElo "1807"]
[Opening "Sicilian: Najdorf, 7...Be7 main line"]
[ECO "B99"]
[Time "14:00:25"]
[PlyCount "41"]
[TimeControl "2700+45"]

1. e4 c5 2. Nf3 d6 3. d4 cxd4 4. Nxd4 Nf6 5. Nc3 a6 6. Bg5 e6 7. f4 Be7 8. Qf3
Qc7 9. O-O-O Nbd7 10. Bd3 Nc5 11. Rhe1 h6 12. Bh4 Bd7 13. e5 dxe5 14. fxe5 Nd5
15. Nxd5 exd5 16. Bxe7 Kxe7 17. Bf5 Be6 18. Bxe6 Nxe6 19. Nf5+ Kf8 20. Rxd5 Rc8
21. Qa3+ {Black resigns} 1-0

[Event "Team 45 45 League T100"]
[Site "Internet Chess Club"]
[Date "2024.05.19"]
[Round "1"]
[White "trombone"]
[Black "LookImYourVader"]
[Result "1/2-1/2"]
[WhiteElo "1808"]
[BlackElo "1754"]
[Opening "Sicilian: O'Kelly variation"]
[ECO "B28"]
[Time "14:31:15"]
[PlyCount "60"]
[TimeControl "2700+45"]

1. e4 c5 2. Nf3 a6 3. c3 d5 4. exd5 Nf6 5. d4 cxd4 6. cxd4 Nxd5 7. Nc3 Nc6 8.
Bc4 Be6 9. Bb3 Nxc3 10. bxc3 Bxb3 11. axb3 e6 12. O-O Be7 13. Ba3 O-O 14. Bxe7
Nxe7 15. Re1 Rc8 16. Qd2 Qb6 17. Rab1 Rfd8 18. Ne5 Nd5 19. c4 Qb4 20. Qd3 Ne7
21. Re4 f6 22. Nf3 e5 23. d5 Ng6 24. Re3 b5 25. Rc1 Nf4 26. Qe4 Nxd5 27. Ree1
Nf4 28. Re3 Nd5 29. Ree1 Nf4 30. Re3 Nd5 {Game drawn by repetition} 1/2-1/2

[Event "Team 45 45 League T100"]
[Site "Internet Chess Club"]
[Date "2024.05.17"]
[Round "1"]
[White "ElValero"]
[Black "jfkingiii"]
[Result "1-0"]
[WhiteElo "1623"]
[BlackElo "1456"]
[Opening "QGD: 4.Nf3"]
[ECO "D37"]
[Time "12:00:26"]
[PlyCount "103"]
[TimeControl "2700+45"]

1. Nf3 d5 2. d4 Nf6 3. c4 e6 4. Nc3 Be7 5. cxd5 exd5 6. Bf4 O-O 7. e3 c5 8. dxc5
Bxc5 9. Be2 Nc6 10. O-O Be6 11. Rc1 Rc8 12. Nxd5 Nxd5 13. Rxc5 Nxf4 14. exf4
Bxa2 15. Qa4 Be6 16. Rfc1 Qf6 17. Bd3 Rfd8 18. Qe4 g6 19. Qe3 Nb4 20. Rxc8 Bxc8
21. Bc4 Qxb2 22. Ng5 Kg7 23. Nxf7 Rf8 24. Ng5 Nc6 25. h4 Qf6 26. Be6 Bxe6 27.
Nxe6+ Kg8 28. Nxf8 Qxf8 29. Qe6+ Qf7 30. Qc8+ Kg7 31. g3 Qe7 32. Rd1 Qe2 33.
Qxb7+ Ne7 34. Rd7 Qe1+ 35. Kg2 Kf6 36. Qxa7 Qe4+ 37. Kh2 Qe2 38. Rxe7 Qxe7 39.
Qxe7+ Kxe7 40. g4 Kf6 41. Kg3 h5 42. f3 Kf7 43. Kf2 Kf6 44. Ke3 Ke7 45. Kd4 Kd6
46. f5 gxf5 47. gxf5 Ke7 48. Ke5 Kf7 49. f6 Kf8 50. Ke6 Ke8 51. f4 Kf8 52. f7
{Black resigns} 1-0

[Event "Team 45 45 League T100"]
[Site "Internet Chess Club"]
[Date "2024.05.17"]
[Round "1"]
[White "Gilguli"]
[Black "vollmerj"]
[Result "1-0"]
[WhiteElo "1443"]
[BlackElo "1519"]
[Opening "Sicilian: closed, 6.f4"]
[ECO "B25"]
[Time "08:00:51"]
[PlyCount "55"]
[TimeControl "2700+45"]

1. e4 c5 2. Nc3 g6 3. g3 Bg7 4. d3 d6 5. Bg2 Nc6 6. f4 Nf6 7. h3 O-O 8. Nf3 a6
9. O-O d5 10. e5 Ne8 11. Ne2 Be6 12. g4 Nc7 13. Ng3 Qd7 14. Nh4 Qd8 15. f5 gxf5
16. gxf5 Bc8 17. f6 exf6 18. exf6 Bxf6 19. Nhf5 Nd4 20. Nh6+ Kh8 21. Nh5 Bg7 22.
Nxg7 Kxg7 23. c3 Ndb5 24. Qh5 Qd6 25. Rxf7+ Kh8 26. Bf4 Qxf4 27. Rxf4 Rxf4 28.
Qe5+ {Black resigns} 1-0

[Event "Team 45 45 League T100"]
[Site "Internet Chess Club"]
[Date "2024.05.19"]
[Round "1"]
[White "zugknightly"]
[Black "fileman"]
[Result "1/2-1/2"]
[WhiteElo "1839"]
[BlackElo "1743"]
[Opening "English, 1...Nf6 (Anglo-Indian defense)"]
[ECO "A15"]
[Time "15:09:46"]
[PlyCount "47"]
[TimeControl "2700+45"]

1. c4 Nf6 2. g3 d5 3. cxd5 Qxd5 4. Nf3 e5 5. Nc3 Qe6 6. Bg2 c6 7. O-O h6 8. d3
Bc5 9. a3 O-O 10. b4 Bb6 11. Bb2 Bc7 12. Qc2 Re8 13. Nd2 Nbd7 14. Nde4 Nxe4 15.
Nxe4 f5 16. Nc5 Nxc5 17. Qxc5 Qd6 18. Qxd6 Bxd6 19. Rac1 Rb8 20. Rfd1 Be6 21. e4
g6 22. d4 exd4 23. Bxd4 Be7 24. e5 {Game drawn by mutual agreement} 1/2-1/2

[Event "Team 45 45 League T100"]
[Site "Internet Chess Club"]
[Date "2024.05.20"]
[Round "1"]
[White "MrAbendroth"]
[Black "Lawkeito"]
[Result "1/2-1/2"]
[WhiteElo "1694"]
[BlackElo "1696"]
[Opening "Ruy Lopez: Anderssen variation"]
[ECO "C77"]
[Time "14:07:14"]
[PlyCount "84"]
[TimeControl "2700+45"]

1. e4 e5 2. Nf3 Nc6 3. Bb5 a6 4. Ba4 Nf6 5. d3 b5 6. Bb3 Bc5 7. c3 O-O 8. O-O d6
9. h3 h6 10. Re1 Rb8 11. Nbd2 Re8 12. Nf1 Be6 13. Bxe6 fxe6 14. Ng3 Qe7 15. Be3
Bxe3 16. Rxe3 Rf8 17. Qe2 Qf7 18. Rf1 Ne7 19. d4 exd4 20. cxd4 Nh5 21. Nxh5 Qxh5
22. Nh2 Qxe2 23. Rxe2 c5 24. e5 dxe5 25. Rxe5 cxd4 26. Rxe6 Nd5 27. Rd6 Rfd8 28.
Rxd8+ Rxd8 29. Rd1 Nf4 30. Nf3 Kf7 31. Kf1 Ne6 32. g3 Kf6 33. Ke2 Kf5 34. Ne1
Ke4 35. f3+ Kd5 36. Nd3 a5 37. Rc1 b4 38. f4 Re8 39. Kf3 Rf8 40. Ke2 Re8 41. Kf3
Rf8 42. Ke2 Re8 {Game drawn by repetition} 1/2-1/2

[Event "Team 45 45 League T100"]
[Site "Internet Chess Club"]
[Date "2024.05.17"]
[Round "1"]
[White "VictorRed"]
[Black "LoseOften"]
[Result "1-0"]
[WhiteElo "1718"]
[BlackElo "1685"]
[Opening "Queen's pawn"]
[ECO "A40"]
[Time "10:20:34"]
[PlyCount "103"]
[TimeControl "2700+45"]

1. d4 e6 2. Nf3 Nf6 3. g3 b6 4. Bg2 Bb7 5. O-O c5 6. c3 Qc7 7. Bf4 d6 8. Na3 Nd5
9. Bd2 Be7 10. c4 Nf6 11. Nb5 Qd7 12. a4 O-O 13. a5 a6 14. Nc3 Nc6 15. axb6 Nxd4
16. e3 Nxf3+ 17. Bxf3 Bxf3 18. Qxf3 Rfb8 19. Na4 d5 20. cxd5 Nxd5 21. Rfd1 Qb5
22. Bc3 Rd8 23. Qg4 Bf6 24. Rxd5 Rxd5 25. Bxf6 g6 26. Nc3 Qxb6 27. Nxd5 exd5 28.
Bc3 Rd8 29. Qa4 d4 30. Ba5 Qe6 31. Bxd8 dxe3 32. Qc2 exf2+ 33. Qxf2 Qd5 34. Bf6
Qc6 35. Rc1 c4 36. b3 Qd6 37. Rxc4 Qd1+ 38. Kg2 Qd5+ 39. Qf3 Qd2+ 40. Kh3 Qh6+
41. Rh4 Qf8 42. Qf4 Qc8+ 43. Rg4 h5 44. Kh4 a5 45. Rg5 a4 46. bxa4 Kh7 47. Rd5
Qe6 48. Rd8 g5+ 49. Qxg5 Qc4+ 50. Qf4 Qd5 51. Rh8+ Kg6 52. Rh6# {Black
checkmated} 1-0

[Event "Team 45 45 League T100"]
[Site "Internet Chess Club"]
[Date "2024.05.17"]
[Round "1"]
[White "Redman1"]
[Black "kabindra"]
[Result "0-1"]
[WhiteElo "1533"]
[BlackElo "1727"]
[Opening "Queen's pawn game, Chigorin variation"]
[ECO "D02"]
[Time "14:00:22"]
[PlyCount "88"]
[TimeControl "2700+45"]

1. Nf3 d5 2. d4 Nc6 3. c4 Bf5 4. Nc3 e6 5. a3 Nf6 6. Bf4 a6 7. e3 Be7 8. c5 O-O
9. Be2 h6 10. O-O b6 11. cxb6 cxb6 12. Rc1 Qd7 13. h3 b5 14. Ne5 Nxe5 15. Bxe5
Rac8 16. b4 Ne4 17. Nxe4 Bxe4 18. Bd3 Rxc1 19. Qxc1 Bxd3 20. Rd1 Rc8 21. Qd2 Bg6
22. Bg3 Rc2 23. Qe1 Qc6 24. Ra1 Qc4 25. Bf4 Qe2 26. Qxe2 Rxe2 27. Bc7 Rb2 28.
Bb6 Rb1+ 29. Rxb1 Bxb1 30. Bc5 Kf8 31. Kf1 Bd3+ 32. Ke1 Ke8 33. g3 Kd7 34. Kd2
Bc4 35. Kc3 g5 36. f4 gxf4 37. exf4 f6 38. Kd2 Bd6 39. Ke3 e5 40. dxe5 fxe5 41.
Bxd6 Kxd6 42. f5 d4+ 43. Kd2 e4 44. g4 Ke5 {White resigns} 0-1

[Event "Team 45 45 League T100"]
[Site "Internet Chess Club"]
[Date "2024.05.19"]
[Round "1"]
[White "ElValero"]
[Black "Signofthetimes"]
[Result "1-0"]
[WhiteElo "1621"]
[BlackElo "1507"]
[Opening "Réti opening"]
[ECO "A04"]
[Time "11:00:09"]
[PlyCount "59"]
[TimeControl "2700+45"]

1. Nf3 c6 2. d4 d5 3. Bg5 Nf6 4. e3 e6 5. Bd3 Be7 6. O-O O-O 7. c4 dxc4 8. Bxc4
Nd5 9. Bxe7 Qxe7 10. Nc3 Nd7 11. e4 Nxc3 12. bxc3 b5 13. Bd3 Bb7 14. Re1 Rfd8
15. a4 a6 16. axb5 axb5 17. Qe2 h6 18. h4 Ra4 19. Rxa4 bxa4 20. Rb1 Rb8 21. Qa2
c5 22. Qxa4 cxd4 23. cxd4 Qd6 24. Qa7 Qc7 25. Ba6 Bxa6 26. Qxc7 Rxb1+ 27. Kh2
Nf6 28. Ne5 Rb7 29. Qc8+ Kh7 30. Qa8 {Black resigns} 1-0

[Event "Team 45 45 League T100"]
[Site "Internet Chess Club"]
[Date "2024.05.18"]
[Round "1"]
[White "nosir"]
[Black "Salvatore"]
[Result "1-0"]
[WhiteElo "1447"]
[BlackElo "1500"]
[Opening "Queen's pawn, Mason variation, Steinitz counter-gambit"]
[ECO "D00"]
[Time "10:00:34"]
[PlyCount "99"]
[TimeControl "2700+45"]

1. d4 d5 2. Bf4 c5 3. e3 Nf6 4. c3 Nc6 5. Bd3 Qb6 6. Qb3 c4 7. Qxb6 axb6 8. Bc2
Bg4 9. Na3 Na7 10. h3 Bh5 11. Ba4+ Kd8 12. Ne2 e6 13. Nb5 Nxb5 14. Bxb5 Nd7 15.
Ng3 Bg6 16. a4 Bd3 17. Ne2 Be7 18. Bh2 f6 19. Nf4 Nf8 20. Nxd3 cxd3 21. Bxd3 f5
22. O-O h5 23. Be5 Rg8 24. c4 g5 25. cxd5 g4 26. dxe6 gxh3 27. Bxf5 Rxg2+ 28.
Kh1 Rg5 29. Bxh3 Ng6 30. f4 Rg3 31. Kh2 Rxe3 32. Rfe1 Rb3 33. Re2 Nh4 34. Bg2
Ng6 35. Bxb7 Ra5 36. Rc2 Ke8 37. Rc8+ Bd8 38. Bc7 Rxb2+ 39. Kg3 h4+ 40. Kh3 Rb3+
41. Kg2 Nxf4+ 42. Bxf4 h3+ 43. Kg1 Ke7 44. d5 Kf6 45. Rxd8 Rc5 46. Rf1 Kg6 47.
Be5 h2+ 48. Bxh2 Rc4 49. e7 Rg4+ 50. Kh1 {Black resigns} 1-0

[Event "Team 45 45 League T100"]
[Site "Internet Chess Club"]
[Date "2024.05.19"]
[Round "1"]
[White "cayo89"]
[Black "herrahuu"]
[Result "1-0"]
[WhiteElo "1514"]
[BlackElo "1367"]
[Opening "Queen's pawn, Mason variation, Steinitz counter-gambit"]
[ECO "D00"]
[Time "11:02:06"]
[PlyCount "34"]
[TimeControl "2700+45"]

1. d4 d5 2. Bf4 c5 3. e3 Nc6 4. c3 Bf5 5. Qb3 Qd7 6. Nd2 e6 7. Ngf3 Nf6 8. Be2
cxd4 9. exd4 Be7 10. Ne5 Qc8 11. g4 Bg6 12. h4 h6 13. Nxg6 fxg6 14. Qc2 Kf7 15.
h5 gxh5 16. gxh5 Kf8 17. O-O-O Nxd4 {Black resigns} 1-0

[Event "Team 45 45 League T100"]
[Site "Internet Chess Club"]
[Date "2024.05.17"]
[Round "1"]
[White "julesraider"]
[Black "Gojira"]
[Result "1-0"]
[WhiteElo "1609"]
[BlackElo "1648"]
[Opening "QGD Slav: 4.Nc3"]
[ECO "D15"]
[Time "21:01:12"]
[PlyCount "87"]
[TimeControl "2700+45"]

1. d4 d5 2. c4 c6 3. Nf3 Nf6 4. Nc3 a6 5. cxd5 cxd5 6. Bg5 e6 7. e3 h6 8. Bh4
Be7 9. Bd3 Nc6 10. a3 Na5 11. Qc2 b5 12. Ne5 Nd7 13. Bg3 Nxe5 14. Bxe5 Bf6 15.
Bg3 Bb7 16. O-O Rc8 17. f4 Bh4 18. Rf3 f5 19. Qf2 Bf6 20. Qe2 Nc4 21. Be1 O-O
22. Rh3 Bc6 23. g4 Nd6 24. g5 hxg5 25. fxg5 Bxg5 26. Qh5 Be8 27. Qh7+ Kf7 28.
Be2 Qf6 29. Qh5+ Ke7 30. Qf3 Bg6 31. Bg3 Bh6 32. Bh4 Bg5 33. Bg3 Ne4 34. Be5 Qf7
35. Nxe4 dxe4 36. Qg3 Bh6 37. Bd6+ Kd7 38. Bxf8 Qxf8 39. Qxg6 Rc2 40. Kf1 Rxb2
41. Rc1 Qxa3 42. Qf7+ Kd8 43. Qc7+ Ke8 44. Bh5+ {Black resigns} 1-0

[Event "Team 45 45 League T100"]
[Site "Internet Chess Club"]
[Date "2024.05.18"]
[Round "1"]
[White "Rookmaster"]
[Black "ARMAND02019"]
[Result "0-1"]
[WhiteElo "1492"]
[BlackElo "1589"]
[Opening "Sicilian, Chekhover variation"]
[ECO "B53"]
[Time "19:03:49"]
[PlyCount "128"]
[TimeControl "2700+45"]

1. e4 c5 2. Nf3 d6 3. d4 cxd4 4. Qxd4 Nc6 5. Bb5 Bd7 6. Bxc6 Bxc6 7. Nc3 Nf6 8.
Bg5 Nd7 9. O-O-O Qa5 10. Bd2 Qc5 11. Rhe1 Qxd4 12. Nxd4 g6 13. Nxc6 bxc6 14. Ne2
Bg7 15. Bc3 Bh6+ 16. Kb1 O-O 17. f4 Nc5 18. e5 Rfd8 19. exd6 Rxd6 20. Rxd6 exd6
21. f5 Re8 22. fxg6 hxg6 23. Nd4 Ne4 24. Ka1 c5 25. Nf3 Re6 26. Re2 d5 27. Be1
f5 28. Bf2 Kf7 29. c3 a5 30. a3 Ke7 31. g3 Kd6 32. Be3 Bg7 33. Bf4+ Kc6 34. a4
Bf6 35. Bd2 g5 36. Be1 g4 37. Nd2 Kd6 38. Nb1 c4 39. Na3 Ng5 40. Nb5+ Kd7 41.
Rxe6 Nxe6 42. Bd2 Be5 43. Kb1 f4 44. gxf4 Nxf4 45. Nd4 Ne6 46. h4 gxh3 47. Nf3
Kd6 48. Be1 Bf4 49. Bf2 h2 50. Nxh2 Bxh2 51. Kc2 Nc5 52. Bxc5+ Kxc5 53. Kd2 Bf4+
54. Kc2 d4 55. cxd4+ Kxd4 56. Kb1 Kc5 57. Ka2 Kb4 58. Ka1 Kxa4 59. Ka2 Be5 60.
Ka1 Kb3 61. Kb1 a4 62. Kc1 Bxb2+ 63. Kb1 Bh8 64. Kc1 a3 {White resigns} 0-1

[Event "Team 45 45 League T100"]
[Site "Internet Chess Club"]
[Date "2024.05.19"]
[Round "1"]
[White "Kingofknights"]
[Black "BlueStorm"]
[Result "0-1"]
[WhiteElo "1498"]
[BlackElo "1552"]
[Opening "Modern defense: Averbakh system, Kotov variation"]
[ECO "A40"]
[Time "11:02:11"]
[PlyCount "98"]
[TimeControl "2700+45"]

1. d4 g6 2. c4 Bg7 3. Nc3 d6 4. e4 Nc6 5. Be3 e5 6. d5 Nce7 7. f3 Nf6 8. Bd3 O-O
9. Qd2 Ne8 10. Nge2 f5 11. O-O-O a6 12. h4 f4 13. Bf2 Nf6 14. g3 fxg3 15. Nxg3
h5 16. Be3 Kh7 17. Qg2 Bd7 18. Bd2 Qe8 19. f4 exf4 20. Bxf4 Ng4 21. Bg5 Nf2 22.
Rhg1 Nxd1 23. Nxd1 Bd4 24. Be3 Bxe3+ 25. Nxe3 Rf7 26. e5 Bg4 27. Nxg4 hxg4 28.
e6 Rf3 29. Bb1 Qf8 30. Ne4 Qf4+ 31. Kd1 Nf5 32. Ng5+ Qxg5 33. hxg5 Ne3+ 34. Ke2
Nxg2 35. Rxg2 Raf8 36. Be4 Rh3 37. b3 g3 38. Ke3 Kg7 39. a4 Rf1 40. Ke2 Rf2+ 41.
Rxf2 gxf2 42. Kxf2 Rxb3 43. Ke2 Rg3 44. a5 Rxg5 45. Kd3 Rg3+ 46. Kd4 Kf6 47. Bd3
g5 48. c5 dxc5+ 49. Kxc5 Rxd3 {White resigns} 0-1

[Event "Team 45 45 League T100"]
[Site "Internet Chess Club"]
[Date "2024.05.17"]
[Round "1"]
[White "trogers41"]
[Black "tightfist"]
[Result "1-0"]
[WhiteElo "1441"]
[BlackElo "1466"]
[Opening "French: advance, Euwe variation"]
[ECO "C02"]
[Time "12:00:43"]
[PlyCount "109"]
[TimeControl "2700+45"]

1. e4 e6 2. d4 d5 3. e5 c5 4. c3 Bd7 5. Nf3 Nc6 6. Be2 Qb6 7. O-O cxd4 8. cxd4
Nge7 9. Nc3 Nf5 10. Na4 Qc7 11. Be3 Nxe3 12. fxe3 Be7 13. Rc1 O-O 14. Nc5 Bxc5
15. Rxc5 b6 16. Rc3 Qb7 17. Ng5 h6 18. Nh3 Rac8 19. Bd3 Nb4 20. Rxc8 Qxc8 21.
Bb1 Qc4 22. a3 Na6 23. Bd3 Qc8 24. Qg4 Nb8 25. Rf3 Qc1+ 26. Bf1 Bb5 27. Nf4 Bxf1
28. Rxf1 Qxe3+ 29. Kh1 Qxd4 30. Qe2 Nd7 31. Nd3 Nc5 32. Rd1 Nxd3 33. Rxd3 Qc4
34. h3 Rc8 35. Kg1 Qc1+ 36. Rd1 Qf4 37. Qe1 Rc2 38. b3 Qe4 39. Qg3 Qe1+ 40. Rxe1
Rc5 41. Qe3 Kh7 42. Qd3+ Kg8 43. Qa6 Rc7 44. Kf2 Kh7 45. Qd3+ Kg8 46. Re2 Rc5
47. Rc2 Kh8 48. b4 Rxc2+ 49. Qxc2 Kg8 50. Qc7 Kf8 51. Qxa7 b5 52. Qb7 Kg8 53.
Qxb5 Kh7 54. Qd7 Kg6 55. g4 {Black resigns} 1-0

[Event "Team 45 45 League T100"]
[Site "Internet Chess Club"]
[Date "2024.05.16"]
[Round "1"]
[White "fhunfi"]
[Black "AlWynJones"]
[Result "1-0"]
[WhiteElo "1761"]
[BlackElo "1506"]
[Opening "Sicilian, Chekhover variation"]
[ECO "B53"]
[Time "09:01:56"]
[PlyCount "85"]
[TimeControl "2700+45"]

1. e4 c5 2. Nf3 d6 3. d4 cxd4 4. Qxd4 Nc6 5. Qe3 g6 6. Be2 Bh6 7. Qc3 Qa5 8.
Qxa5 Nxa5 9. Nc3 Be6 10. Bxh6 Nxh6 11. Nd4 Bc4 12. O-O-O Bxe2 13. Ndxe2 Ng4 14.
Rdf1 O-O-O 15. h3 Nf6 16. Rd1 b5 17. e5 dxe5 18. Nxb5 a6 19. Nbc3 Rd6 20. Ng3
Rhd8 21. Nge4 Nxe4 22. Nxe4 Rxd1+ 23. Rxd1 Nc4 24. Rxd8+ Kxd8 25. Nc5 a5 26. a4
Kc7 27. c3 Kc6 28. Ne4 f5 29. Nd2 Nd6 30. b4 axb4 31. cxb4 e4 32. Kc2 g5 33. Kc3
h5 34. Nc4 Nxc4 35. Kxc4 h4 36. Kd4 g4 37. hxg4 fxg4 38. Kxe4 e5 39. Ke3 Kd5 40.
b5 e4 41. Kf4 h3 42. gxh3 gxh3 43. Kg3 {Black resigns} 1-0